 Dungeon Crawl Stone Soup version 0.31.0-12-g77e489cdc1 (webtiles) character file.

Game seed: 12961553381261000447

58 Silvore the Trooper (level 3, -5/29 HPs)
             Began as a Demonspawn Fighter on Feb 16, 2024.
             Slain by an ogre
             ... wielding a +0 giant club
              (11 damage)
             ... on level 2 of the Dungeon.
             The game lasted 00:01:20 (1110 turns).

Silvore the Trooper (Demonspawn Fighter)            Turns: 1110, Time: 00:01:20

Health: -5/29      AC:  9    Str: 18    XL:     3   Next: 76%
Magic:  3/3        EV:  7    Int:  8    God:
Gold:   45         SH:  4    Dex: 12    Spells: 2/2 levels left

rFire   . . .        a - +0 long sword
rCold   . . .        c - +0 buckler
rNeg    . . .        h - +0 chain mail
rPois   .            (helmet restricted)
rElec   .            (no cloak)
rCorr   .            (no gloves)
SInv    .            (no boots)
Will    .....        (no amulet) Stlth
                     (no ring)
HPRegen 0.24/turn    (no ring)
MPRegen 0.08/turn

%: no passive effects
@: mighty
A: antennae 1
a: no special abilities


You were on level 2 of the Dungeon.
You visited 1 branch of the dungeon, and saw 2 of its levels.

You collected 45 gold pieces.

Inventory:

Hand Weapons
 a - a +0 long sword (weapon)
Armour
 b - a +0 scale mail
 c - a +0 buckler (worn)
 h - a +0 chain mail (worn)
Jewellery
 e - a ring of protection from cold
Scrolls
 i - 2 scrolls of identify
 j - 2 scrolls of fear {unknown}
 k - 3 scrolls of butterflies {unknown}
 l - a scroll of teleportation {unknown}
Potions
 d - a potion of might
 f - 2 potions of curing
 g - a potion of magic {unknown}


   Skills:
 + Level 3.2 Fighting
 + Level 2.7 Long Blades
 + Level 3.1 Armour
 + Level 0.2 Dodging
 + Level 3.1 Shields


You had 2 spell levels left.
You didn't know any spells.
Your spell library was empty.

Dungeon Overview and Level Annotations

Branches:
Dungeon (2/15)

Altars:

Shops:
D:2 (


Innate Abilities, Weirdness & Mutations

You have a pair of small antennae on your head.


Message History

Found 3 boomerangs.
The kobold shouts!
An ogre comes into view. It is wielding a +0 giant club.
A ribbon worm comes into view.
The ogre shouts!
You hear a shout!
You feel very mighty all of a sudden.
A goblin comes into view. It is wielding a +0 dagger.
The goblin shouts!
You slash the kobold!
You kill the kobold!
A hobgoblin comes into view.
You see here a +0 club.
You hit the ribbon worm.
The ribbon worm is moderately wounded.
The ribbon worm bites you.
A frilled lizard comes into view.
The frilled lizard hisses angrily.
You slash the ribbon worm!
The ribbon worm is severely wounded.
The ribbon worm expels a string of sticky webbing.
The stream of webbing hits you but does no damage.
You are caught in a web!
The ribbon worm barely misses you.
The web tears apart.
You hit the ribbon worm.
The ribbon worm is almost dead.
The ribbon worm expels a string of sticky webbing.
The stream of webbing hits you but does no damage.
You are caught in a web!
The web tears apart.
The ribbon worm bites you.
You slash the ribbon worm!
You kill the ribbon worm!
You hit the ogre.
The ogre is lightly wounded.
The ogre hits you with a +0 giant club!!
Ouch! That really hurt!
* * * LOW HITPOINT WARNING * * *
You slash the ogre!
The ogre is severely wounded.
The ogre hits you with a +0 giant club!
You die...

######### ......... +#
.....(...# # . .#
###.#.....<####l#...# .#
....#.####...@Og..# .#
#.#.#.#....####g#...# .#
#.#.#.###.....#### . .#
#.#.#.#<#...#....####
.###.#.#...............####
.....#.....#.#########....####.
...........#...................
.....#.#.#.###########.#####.#.
.....#.#.#.# #####'##


You could see an ogre, a hobgoblin, a goblin and a frilled lizard.

Vanquished Creatures
  2 adders (D:2)
  A ribbon worm (D:2)
  4 ball pythons (D:2)
  An endoplasm (D:2)
  2 giant cockroaches (D:1)
  5 goblins (D:1)
  5 hobgoblins
  3 quokkas (D:1)
  5 bats
  2 kobolds
  4 rats
34 creatures vanquished.

Notes
Turn   | Place    | Note
-------+----------+-------------------------------------------
     0 | D:1      | Silvore the Demonspawn Fighter began the quest for the Orb.
     0 | D:1      | Reached XP level 1. HP: 18/18 MP: 1/1
   190 | D:1      | Gained mutation: You have a pair of small antennae on your
                  | head. [demonic ancestry]
   190 | D:1      | Reached XP level 2. HP: 19/24 MP: 2/2
   824 | D:2      | Reached XP level 3. HP: 29/29 MP: 3/3
   860 | D:2      | Found Sofibbeff's Weapon Emporium.
  1097 | D:2      | Noticed an ogre
  1110 | D:2      | Slain by an ogre

Illustrated notes

Levels and vault maps discovered:
D:1:      onia_arrival_mini_maze_b, layout_basic
D:2:      minmay_spotlight, layout_basic, serial_shops,
          nicolae_shop_gibbet_a_chance, shop_fountains, minmay_tetromino_o2

Skill      XL: |  1  2 |
---------------+-------+-----
Armour         | 3 |  3.1
Long Blades    | 2 |  2.7
Shields        | 3 |  3.1
Fighting       | |  3.2
Dodging        | |  0.2

Action                     || total
---------------------------++-------
  Melee: Long sword        ||    93
    Use: Scroll            ||     2
         Potion            ||     1
 Armour: Scale mail        ||    25
         Chain mail        ||    50
  Dodge: Dodged            ||    40
  Block: Buckler           ||    21
